 Dungeon Crawl Stone Soup version 0.32-a0-560-g4c7f4391e0 (webtiles) character file.

Game seed: 5611701443833718390

163 croobank the Caller (level 5, 0/34 (51) HPs)
             Began as an Octopode Summoner on Feb 29, 2024.
             Slain by a wight
             ... wielding a +0 scimitar
              (11 damage)
             ... on level 3 of the Dungeon.
             The game lasted 00:06:39 (2543 turns).

croobank the Caller (Octopode Summoner)             Turns: 2543, Time: 00:06:39

HP:   0/34 (51)     AC: 22    Str:  5 (7)  XL:     5   Next: 44%
MP:   7/9           EV:  2    Int: 18 (19) God:
Gold: 110           SH:  0    Dex: 12 (13) Spells: 3/9 levels left

rFire   . . .        n - +2 short sword (venom)
rCold   . . .        (no shield)
rNeg    . . .        (helmet currently unavailable)
rPois   +            (no amulet)
rElec   .            (no ring)
rCorr   .            (no ring)
SInv    .            (no ring)
Will    .....        (no ring)
Stlth   ++           (no ring)
HPRegen 0.25/turn    (no ring)
MPRegen 0.11/turn    (no ring)
                     (no ring)

%: no passive effects
@: tree-form, very heavily drained
A: stationary, stasis, torment immunity, boosted hp, almost no armour,
(amphibious), 8 rings, (camouflage 1), (gelatinous body 1), (nimble swimmer 1),
(tentacles)
a: no special abilities


You were on level 3 of the Dungeon.
You were a tree.
You visited 1 branch of the dungeon, and saw 3 of its levels.

You collected 110 gold pieces.

Inventory:

Hand Weapons
 g - a +0 short sword of speed
 n - a +2 short sword of venom (weapon)
 p - a +0 trident
Missiles
 i - 3 javelins
Jewellery
 b - a ring of positive energy
 c - a ring of wizardry
 l - a ring of protection from cold
Talismans
 d - a flux talisman
Scrolls
 f - a scroll of amnesia
 h - a scroll of brand weapon {unknown}
 j - a scroll of noise {unknown}
 r - a scroll of torment {unknown}
 s - a scroll of acquirement {unknown}
 t - a scroll of poison {unknown}
Potions
 k - a potion of degeneration
 q - a potion of attraction {unknown}
 u - a potion of ambrosia {unknown}


   Skills:
 + Level 1.7 Fighting
 + Level 3.0 Dodging
 + Level 4.2 Stealth
 + Level 2.9 Spellcasting
 + Level 4.6 Summonings


You had 3 spell levels left.
You knew the following spells:

 Your Spells              Type           Power      Damage    Failure   Level
a - Summon Small Mammal   Summ           76%        N/A       2%          1
b - Call Imp              Summ           38%        N/A       3%          2
c - Call Canine Familiar  Summ           19%        N/A       8%          3

Your spell library contained the following spells:

 Spells                   Type           Power      Damage    Failure   Level
 Apportation              Tloc           4%         N/A       17%         1
 Necrotise                Necr           8%         1d4       17%         1
 Sting                    Conj/Alch      8%         1d3       17%         1
 Sublimation of Blood     Necr           2%         N/A       26%         2
 Summon Blazeheart Golem  Fire/Summ      10%        N/A       54%         4
 Summon Lightning Spire   Summ/Air       10%        N/A       54%         4
 Summon Hydra             Summ           9%         N/A       100%        7


Dungeon Overview and Level Annotations

Branches:
Dungeon (3/15)

Altars:


Innate Abilities, Weirdness & Mutations

You are a tree.
Your roots penetrate the ground, keeping you stationary.
You cannot be teleported.
You are immune to unholy pain and torment.
Your maximum health is greatly increased.
You cannot wear most types of armour.
((You are amphibious.))
You can wear up to eight rings at the same time.
((Your skin changes colour to match your surroundings (Stealth+).))
((Your rubbery body absorbs attacks. (AC +1, EV +1)))
((You are camouflaged when in or above water. (Stealth+)))
((You have tentacles for arms and can constrict up to eight enemies at once.))


Message History

You hit the wight but do no damage.
The wight is heavily damaged.
Your quokka barely misses the wight.
Your quokka bites the wight but does no damage.
Your cerulean imp hits the wight but does no damage.
The wight hits your quokka with a +0 halberd!
Your quokka dies!
Your quokka's corpse disappears in a puff of smoke!
Your quokka bites the wight but does no damage.
The wight hits you but does no damage.
You hit the wight but do no damage.
The wight is heavily damaged.
Your cerulean imp barely misses the wight.
Your quokka bites the wight.
The wight hits you but does no damage. The wight hits you with a +0 scimitar.
You feel drained.
You hit the wight but do no damage.
The wight is heavily damaged.
Your quokka bites the wight but does no damage.
Your cerulean imp barely misses the wight.
The wight hits your quokka with a +0 halberd!
Your quokka dies!
Your quokka's corpse disappears in a puff of smoke!
The wight hits you but does no damage.
The wight hits your cerulean imp with a +1 flail!
You hit the wight.
The wight is severely damaged.
Your cerulean imp closely misses the wight.
The wight hits you but does no damage. x2
The wight barely misses your cerulean imp.
You barely miss the wight.
The wight is severely damaged.
Your cerulean imp hits the wight but does no damage.
The wight hits you with a +0 halberd.
You feel drained. The wight hits you with a +0 scimitar.
The wight completely misses your cerulean imp.
You hit the wight but do no damage.
The wight is severely damaged.
Your cerulean imp closely misses the wight.
The wight hits you but does no damage. The wight hits you with a +0 scimitar!
You die...

..#..###.........
........#.........
.........#........
..........#......# #
.................# .##
................# ....
................#.....
#.##.........z5........
##.##........###♣.......
...##..........#zz......
.............#.#........
......###.#.##.#........
......###......#.....)..
........................
........................
..##............###...#.
.###............###...#


You could see 3 wights and a friendly cerulean imp (summoned).

Vanquished Creatures
  Terence (D:2)
  An adder (D:2)
  2 ball pythons (D:2)
  2 endoplasms
  4 goblins
  4 hobgoblins
  4 kobolds
  2 quokkas
  2 bats (D:1)
  2 frilled lizards (D:2)
  A rat (D:3)
25 creatures vanquished.

Vanquished Creatures (collateral kills)
  A wight (D:3)
  3 gnolls (D:2)
  2 goblins (D:1)
  3 hobgoblins
  3 kobolds
  A quokka (D:1)
  2 ball pythons
  2 bats (D:1)
17 creatures vanquished.

Grand Total: 42 creatures vanquished

Notes
Turn   | Place    | Note
-------+----------+-------------------------------------------
     0 | D:1      | croobank the Octopode Summoner began the quest for the Orb.
     0 | D:1      | Reached XP level 1. HP: 11/11 MP: 3/3
   290 | D:1      | Reached XP level 2. HP: 17/17 MP: 5/5
   396 | D:1      | Learned a level 2 spell: Call Imp
  1429 | D:2      | Reached XP level 3. HP: 22/22 MP: 2/6
  1436 | D:2      | Learned a level 3 spell: Call Canine Familiar
  1685 | D:2      | Reached skill level 1 in Fighting
  1685 | D:2      | Reached XP level 4. HP: 28/28 MP: 1/7
  1946 | D:2      | Noticed Terence
  1961 | D:2      | Killed Terence
  2400 | D:3      | Found a faded altar of an unknown god.
  2523 | D:3      | Reached XP level 5. HP: 28/34 MP: 1/9
  2543 | D:3      | Slain by a wight

Illustrated notes

Levels and vault maps discovered:
D:1:      mrwooster_arrival_statue_3, layout_loops_corners
D:2:      wander_river, layout_loops_ring, uniq_terence
D:3:      layout_basic, chequers_ecumenical_altar_simple

Skill      XL: |  1  2  3  4 |
---------------+-------------+-----
Stealth        | 3 4 |  4.2
Fighting       | 1 |  1.7
Dodging        | 3 |  3.0
Spellcasting   | |  2.9
Summonings     | |  4.6

Action                     |  1- 3 |  4- 6 || total
---------------------------+-------+-------++-------
  Melee: Unarmed           |    11 |       ||    11
         Constrict         |    10 |     4 ||    14
         Short sword       |    20 |    25 ||    45
         Tentacles         |     9 |     5 ||    14
   Cast: Summon Small Mamm |    27 |    13 ||    40
         Call Imp          |     5 |     6 ||    11
         Call Canine Famil |     2 |     1 ||     3
    Use: Potion            |       |     5 ||     5
         Scroll            |       |     1 ||     1
   Stab: Sleeping          |     9 |     2 ||    11
         Distracted        |       |     1 ||     1
 Armour: Skin              |     8 |    38 ||    46
  Dodge: Dodged            |    11 |    12 ||    23

Table legend: (Time is in decaauts)
 A = Elapsed time spent in this place.
 B = Non-inter-level travel time spent in this place.
 C = Inter-level travel time spent in this place.
 D = Time resting spent in this place.
 E = Time spent auto-exploring this place.
 F = Levels seen in this place.
 G = Mean time per level.
                   A        B        C        D        E       F      G
               +--------+--------+--------+--------+--------+-----+--------+
         Total |   2534 |   2425 |    109 |     79 |   1822 |   3 |  844.7 |
       Dungeon |   2534 |   2425 |    109 |     79 |   1822 |   3 |  844.7 |
               +--------+--------+--------+--------+--------+-----+--------+

Top non-repeatable levels by time:
     D:1: 1291 daAuts
     D:2: 985 daAuts
     D:3: 257 daAuts
